 Dungeon Crawl Stone Soup version bcrawl-1.17.3 (webtiles) character file.

Game seed: 1536810599828048364

134 Chiseanne the Magician (level 4, 0/35 HPs)
             Began as a Mummy Archaeologist on Oct 25, 2019.
             Slain by an orc
             ... wielding a +0 flail
              (3 damage)
             ... on level 4 of the Dungeon.
             The game lasted 00:03:17 (2466 turns).

Chiseanne the Magician (Mummy Archaeologist)        Turns: 2466, Time: 00:03:17

Health: 0/35       AC:  9    Str: 14    XL:     4   Next: 95%
Magic:  12/12      EV:  9    Int: 14    God:
Gold:   128        SH:  0    Dex: 10    Spells: 15/15 levels left

rFire    x . .     SeeInvis .   b - +0 hand axe (vamp)
rCold    + . .     Gourm    .   (no shield)
rNeg     + + +     Faith    .   m - +0 scale mail
rPois    ∞         Spirit   .   c - +1 hat
rElec    .         Reflect  .   (no cloak)
rCorr    .         Harm     .   (no gloves)
MR       .....     Clarity  +   d - +1 pair of boots
Stlth    +.........             (no amulet)
HPRegen  0.11/turn              (no ring)
MPRegen  0.13/turn              (no ring)

@: studying Spellcasting
A: no food or potions, fire vulnerability, clarity, cold resistance 1, negative
energy resistance 3, torment resistance, unbreathing
a: no special abilities


You were on level 4 of the Dungeon.
You were not hungry.

You visited 1 branch of the dungeon, and saw 4 of its levels.

You collected 128 gold pieces.

Inventory:

Hand Weapons
 b - a +0 vampiric hand axe (weapon)
 n - a cursed -2 club
Missiles
 a - 110 sling bullets
 g - 393 stones (quivered)
 j - 196 arrows
 k - 35 curare-tipped needles
Armour
 c - a +1 hat (worn)
 d - a +1 pair of boots (worn)
 m - a +0 scale mail (worn)
Jewellery
 h - an uncursed ring of protection from fire {unknown}
Wands
 l - a wand of paralysis (9)
Books
 e - a manual of Spellcasting
Miscellaneous
 f - an ancient crate


   Skills:
 - Level 3.0 Fighting
 - Level 0.7 Maces & Flails
 - Level 2.4 Dodging
 - Level 2.6 Stealth
 + Level 6.3 Spellcasting


You had 15 spell levels left.
You didn't know any spells.
Your spell library was empty.

Dungeon Overview and Level Annotations

Branches:
Dungeon (4/12)
 Temple: D:4-7

Altars:
Cheibriados
Gozag
Hepliaklqana
Okawaru
The Shining One


Innate Abilities, Weirdness & Mutations

You do not eat or drink.
Your flesh is vulnerable to fire.
You are immune to poison.
You possess an exceptional clarity of mind.
Your flesh is cold resistant. (rC+)
You are immune to negative energy. (rN+++)
You are immune to unholy pain and torment.
You can survive without breathing.


Message History

The orc wizard hits you but does no damage.
You miss the orc wizard. The orc wizard barely misses you. x2
You hit the orc wizard.
The orc wizard is lightly wounded.
The orc wizard points at you and mumbles some strange words.
The puff of frost misses you.
You hit the orc but do no damage. You hit the orc.
The orc is heavily wounded.
The orc hits you with a +0 flail.
* * * LOW HITPOINT WARNING * * *
You closely miss the orc.
The orc is heavily wounded.
The orc hits you with a +0 flail.
* * * LOW HITPOINT WARNING * * *
The orc closely misses you.
You hit the orc but do no damage.
The orc is heavily wounded.
The orc hits you with a +0 flail.
You die...

### ... #.#
..# #.# #.##
## #@## #.#
##o# ##..#
##o##
###....###.##
....o..#o##
#.. #o##
####.###o#
#..[.o.o.#
#.########


You could see an orc.

Vanquished Creatures
  A bullfrog skeleton (D:3)
  A gnoll (D:3)
  An adder (D:3)
  4 oozes
  2 dart slugs (D:2)
  A leopard gecko (D:3)
  3 giant cockroaches
  6 goblins
  11 hobgoblins
  6 jackals
  9 kobolds
  A quokka (D:2)
  2 ball pythons
  6 bats
  3 frilled lizards
  3 rats
60 creatures vanquished.

Notes
Turn   | Place    | Note
-------+----------+-------------------------------------------
     0 | D:1      | Chiseanne the Mummy Archaeologist began the quest for the
                  | Orb.
     0 | D:1      | Reached XP level 1. HP: 15/15 MP: 1/1
   157 | D:1      | Reached XP level 2. HP: 15/22 MP: 2/2
   663 | D:1      | Reached XP level 3. HP: 27/29 MP: 3/3
   941 | D:1      | Reached skill level 1 in Spellcasting
  1102 | D:2      | Reached skill level 2 in Spellcasting
  1107 | D:2      | Found an opulent altar of Gozag.
  1427 | D:2      | Found a hazy altar of Hepliaklqana.
  1440 | D:2      | Reached skill level 3 in Spellcasting
  1790 | D:2      | Found a snail-covered altar of Cheibriados.
  1963 | D:2      | Reached skill level 4 in Spellcasting
  1963 | D:2      | Reached XP level 4. HP: 35/35 MP: 10/10
  2009 | D:2      | Found a glowing golden altar of the Shining One.
  2242 | D:3      | Found an iron altar of Okawaru.
  2258 | D:3      | Reached skill level 5 in Spellcasting
  2427 | D:3      | Reached skill level 6 in Spellcasting
  2437 | D:3      | HP: 1/35 [gnoll/+0 spear (4)]
  2466 | D:4      | Slain by an orc

Skill      XL: |  1  2  3  4 |
---------------+-------------+-----
Fighting       | 2 3 |  3.0
Spellcasting   | 4 6 |  6.3
Maces & Flails | |  0.7
Dodging        | |  2.4
Stealth        | |  2.6

Action                   |  1- 3 |  4- 6 || total
-------------------------+-------+-------++-------
Melee: Whip              |    65 |       ||    65
       Short sword       |   144 |    13 ||   157
       Hand axe          |       |    43 ||    43
  Use: Scroll            |     2 |     3 ||     5
 Stab: Sleeping          |     5 |       ||     5
Armor: Robe              |    70 |       ||    70
       Scale mail        |    12 |    43 ||    55
Dodge: Dodged            |   143 |    52 ||   195
